 Dungeon Crawl Stone Soup version 0.29.1 (webtiles) character file.

Game seed: 7800672199870745385

109 Icepheonix32 the Insei (level 4, -1/32 HPs)
             Began as a Merfolk Transmuter on Sept 13, 2022.
             Slain by a kobold
             ... wielding a +0 dagger of electrocution
              (16 damage)
             ... on level 4 of the Dungeon.
             The game lasted 00:03:20 (4128 turns).

Icepheonix32 the Insei (Merfolk Transmuter)         Turns: 4128, Time: 00:03:20

Health: -1/32      AC:  3    Str: 10    XL:     4   Next: 90%
Magic:  4/7        EV: 13    Int: 14    God:
Gold:   98         SH:  0    Dex: 14    Spells: 4/7 levels left

rFire   . . .      SeeInvis +     - Unarmed
rCold   . . .      Faith    .   (no shield)
rNeg    . . .      Spirit   .   a - +1 robe
rPois   .          Reflect  .   (helmet currently unavailable)
rElec   .          Harm     .   (no cloak)
rCorr   .          Rampage  .   (no gloves)
Will    .....                   (boots currently unavailable)
Stlth   +.........              (no amulet)
HPRegen 0.10/turn               i - ring of see invisible
MPRegen 0.10/turn               (no ring)

@: appendages, wereblooded
A: horns 2, (nimble swimmer 2), mertail
a: End Transformation


You were on level 4 of the Dungeon.
You had temporarily grown beastly horns.
You visited 1 branch of the dungeon, and saw 4 of its levels.

You collected 98 gold pieces.

Inventory:

Missiles
 f - 6 poisoned darts
 t - 2 throwing nets
Armour
 a - a +1 robe (worn)
 e - a +1 scale mail of willpower
Magical Staves
 j - a staff of poison
Jewellery
 i - a ring of see invisible (left hand)
Scrolls
 h - 4 scrolls of magic mapping
 l - 2 scrolls of identify
 p - a scroll of vulnerability
 s - a scroll of poison {unknown}
Potions
 b - a potion of magic {unknown}
 d - 2 potions of curing
 k - a potion of haste {unknown}
 m - a potion of berserk rage {unknown}
 n - 2 potions of cancellation {unknown}
 q - 2 potions of ambrosia {unknown}
 r - 2 potions of heal wounds {unknown}


   Skills:
 - Level 1.1 Fighting
 + Level 3.8 Dodging
 + Level 4.9 Unarmed Combat
 - Level 2.0 Spellcasting
 + Level 3.9 Transmutations


You had 4 spell levels left.
You knew the following spells:

 Your Spells              Type           Power      Damage    Failure   Level
a - Beastly Appendage     Tmut           24%        N/A       4%          1
b - Wereblood             Tmut           12%        N/A       7%          2

Your spell library contained the following spells:

 Spells                   Type           Power      Damage    Failure   Level
 Apportation              Tloc           2%         N/A       24%         1
 Necrotise                Necr           4%         1d4       24%         1
 Summon Small Mammal      Summ           4%         N/A       24%         1
 Spider Form              Tmut/Pois      6%         N/A       32%         3
 Ensorcelled Hibernation  Hex/Ice        2%         N/A       34%         2
 Sublimation of Blood     Necr           1%         N/A       34%         2
 Ice Form                 Ice/Tmut       6%         N/A       71%         4
 Anguish                  Hex/Necr       0%         N/A       93%         4
 Summon Hydra             Summ           0%         N/A       100%        7


Dungeon Overview and Level Annotations

Branches:
Dungeon (4/15)
 Temple: D:4-7

Altars:
Dithmenos
Elyvilon
Xom

Annotations:
D:4 Grinder


Innate Abilities, Weirdness & Mutations

You have temporarily grown beastly horns.
((You are very nimble when in or above water. (Stealth+, EV+, Speed+++)))
Your lower body shifts to a powerful aquatic tail in water.


Message History

Unknown command.
Your transformation is almost over.
Your horns disappear.
Found a stone staircase leading down.
There is a stone staircase leading down here.
A kobold comes into view.
It is wielding a +0 dagger of electrocution.
You grow a pair of large bovine horns.
A kobold comes into view.
It is wielding a +0 dagger and quivering poisoned darts.
The kobold shouts!
Casting: Beastly Appendage (safe; 4% risk of failure)
Confirm with . or Enter, or press ? or * to list all spells.
Your blood is infused with primal strength.
The kobold hits you but does no damage.
You are electrocuted!
You barely miss the kobold.
The kobold throws a poisoned dart.
The poisoned dart closely misses you. The kobold closely misses you.
You hit the kobold.
The kobold is heavily wounded.
The kobold hits you but does no damage.
The kobold throws a poisoned dart.
The poisoned dart hits you!
You are poisoned.
Unknown command.
You miss the kobold. Your headbutt misses the kobold.
The kobold is heavily wounded.
You feel sick.
The kobold hits you with a +0 dagger of electrocution.
You are electrocuted!
* * * LOW HITPOINT WARNING * * *
Unknown command.
You are too injured to fight recklessly!
Unknown command.
You are too injured to fight recklessly!
Unknown command.
You are too injured to fight recklessly!
Unknown command.
Unknown command.
It was a potion of curing.
You feel better.
The kobold hits you with a +0 dagger of electrocution.
You are electrocuted!
Ouch! That really hurt!
You die...

*,,,,,,,,,* *,,,,,,**** #####
,,,,*,,* #...# ,,,,,,,* #...#
,,,,,,,* #...#
,,,,,,,**#####...#
,,,,,,,,,........##############
P.8.....,.......K'..>.........#
.....P.#****#..K@###.########.##
P...P..# #.##...............#
.P.P...### *,#..####..........#
...,.....# *,#.##**#..........#
..#*#....# *...,,,,+..........#
..###....#
##..#*,**#.....รท....#
.o.......###...#*,* #..........#
oo###.........#**,* #..........#
S.###.........# *,* #..........#


You could see 2 kobolds.

Vanquished Creatures
  Terence (D:2)
  2 adders (D:2)
  A worm (D:2)
  A dart slug (D:1)
  An orc (D:3)
  4 endoplasms
  2 giant cockroaches
  5 goblins
  10 hobgoblins
  5 jackals
  3 quokkas
  7 ball pythons
  A bat (D:1)
  7 frilled lizards
  4 kobolds
  4 rats
58 creatures vanquished.

Vanquished Creatures (others)
  14 fungi (D:4)
  A plant (D:3)
15 creatures vanquished.

Grand Total: 73 creatures vanquished

Notes
Turn   | Place    | Note
-------+----------+-------------------------------------------
     0 | D:1      | Icepheonix32 the Merfolk Transmuter began the quest for the
                  | Orb.
     0 | D:1      | Reached XP level 1. HP: 15/15 MP: 3/3
   390 | D:1      | Reached XP level 2. HP: 21/21 MP: 5/5
   908 | D:1      | Learned a level 2 spell: Wereblood
   921 | D:1      | Reached skill level 4 in Unarmed Combat
  1212 | D:1      | Reached XP level 3. HP: 23/26 MP: 4/6
  1682 | D:2      | Found a faded altar of an unknown god.
  2017 | D:2      | Reached XP level 4. HP: 19/32 MP: 5/7
  2291 | D:2      | Noticed Terence
  2301 | D:2      | Killed Terence
  3038 | D:3      | Found a shadowy altar of Dithmenos.
  3146 | D:3      | Found a shimmering altar of Xom.
  3183 | D:3      | Found a white marble altar of Elyvilon.
  3804 | D:4      | Noticed Grinder
  4128 | D:4      | Slain by a kobold

Illustrated notes

Levels and vault maps discovered:
D:1:      dpeg_arrival_court, layout_rooms, amcnicky_mini_rare_corridor_liquid,
          minmay_tetromino_l4
D:2:      layout_loops_ring, nicolae_ecumenical_lake_church,
          kennysheep_generic_room_9, uniq_terence
D:3:      layout_loops_ring, old_standard_altar,
          nicolae_dithmenos_shadow_blocks, nicolae_elyvilon_temple_path
D:4:      layout_basic, dreamdust_mushroom_princess, uniq_grinder

Skill      XL: |  1  2 |
---------------+-------+-----
Dodging        | 3 |  3.8
Transmutations | 3 |  3.9
Unarmed Combat | 4 |  4.9
Fighting       | |  1.1
Spellcasting   | |  2.0

Action                   |  1- 3 |  4- 6 || total
-------------------------+-------+-------++-------
Melee: Unarmed           |   126 |    38 ||   164
       Headbutt          |    21 |    11 ||    32
       Punch             |     5 |       ||     5
       Tailslap          |     1 |       ||     1
 Cast: Beastly Appendage |    24 |    15 ||    39
       Wereblood         |     2 |     2 ||     4
  Use: Potion            |     1 |     2 ||     3
       Scroll            |       |     5 ||     5
 Stab: Sleeping          |       |     2 ||     2
Armor: Robe              |    26 |    12 ||    38
       Skin              |     2 |       ||     2
Dodge: Dodged            |    93 |    31 ||   124
